Map: Inside and Out

Players

SpeCial

  • Race: Terran Terran
  • Spawn Location: 7:00

DRG - Winner!

  • Race: Zerg Zerg
  • Spawn Location: 1:00

Event: DreamHack SC2 Masters 2022 Atlanta (Offline)

VOD

Have the link to the VOD?

Description

Time

  • Played on: Nov. 18, 2022, 8:37 p.m.
  • Length: 10:05

All games in this series

Show
View Real Time Build Order
Export as new Build Order

SpeCial Terran 

Build Orders:  

Get SALT Encoding   

  12  0:00  SCV  
  13  0:12  SCV  
  14  0:17  Supply Depot  
  14  0:24  SCV  
  15  0:38  SCV  
  15  0:40  Barracks  
  16  0:43  Refinery  
  16  0:50  SCV  
  17  1:03  SCV  
  18  1:15  SCV  
  19  1:28  Barracks Reactor, Orbital Command  
  19  1:38  Command Center  
  19  1:48  Supply Depot  
  19  1:54  SCV  
  20  2:05  Factory, Marine x2  
  22  2:10  SCV  
  23  2:22  SCV  
  24  2:23  Refinery, Marine x2  
  26  2:34  SCV  
  27  2:46  SCV  
  28  2:51  Orbital Command, Starport  
  28  2:56  Hellion x2  
  28  2:57  Barracks Tech Lab  
  28  2:58  SCV  
  33  3:10  SCV  
  34  3:17  Hellion x2  
  34  3:18  SCV  
  39  3:26  SCV  
  40  3:30  SCV  
  41  3:34  Barracks Tech Lab  
  41  3:35  Raven  
  41  3:38  SCV  
  44  3:42  SCV  
  44  3:44  Barracks  
  44  3:45  Supply Depot  
  45  3:51  SCV  
  45  3:54  Stimpack  
  46  4:05  Factory Reactor  
  46  4:06  SCV x2, Marine  
  46  4:07  Supply Depot  
  49  4:11  Command Center  
  49  4:18  SCV  
  49  4:24  Marine  
  50  4:25  SCV  
  50  4:30  SCV  
  53  4:32  Supply Depot  
  53  4:33  Marine x2  
  53  4:36  Refinery  
  53  4:38  SCV  
  56  4:42  SCV  
  57  4:47  Marine  
  57  4:50  SCV  
  59  4:55  SCV, Medivac x2  
  59  4:58  Marine x2  
  59  4:59  Barracks  
  66  5:01  Supply Depot, Siege Tank  
  66  5:05  Marine  
  70  5:12  Engineering Bay  
  70  5:16  Engineering Bay  
  70  5:22  SCV x2, Marine x2  
  70  5:23  Marine  
  70  5:24  Supply Depot  
  70  5:25  Orbital Command  
  75  5:33  Starport Reactor  
  75  5:34  Combat Shield  
  75  5:37  SCV x2  
  75  5:40  Marine x2  
  75  5:41  Marine  
  75  5:42  Barracks  
  80  5:45  Barracks  
  80  5:46  Siege Tank  
  83  5:50  Supply Depot  
  83  5:56  Marine  
  84  5:57  Marine  
  84  5:58  Marine x3  
  87  6:04  Orbital Command  
  87  6:08  Terran Infantry Armor Level 1, Terran Infantry Weapons Level 1  
  87  6:14  Supply Depot, Marine  
  87  6:15  Marine  
  87  6:16  Marine x3  
  92  6:21  Barracks  
  92  6:24  Barracks  
  90  6:27  Medivac  
  90  6:28  Barracks  
  90  6:32  Marine  
  85  6:33  Marine x3  
  85  6:36  Marine  
  85  6:37  Barracks Reactor  
  85  6:39  Barracks Reactor  
  89  6:44  Siege Tank  
  92  6:50  Supply Depot, Marine  
  92  6:51  Marine x3  
  92  6:52  Orbital Command  
  96  6:54  Marine  
  96  7:08  Marine x2  
  97  7:09  Marine x2  
  97  7:12  Marine  
  101  7:16  Siege Tank, Marine x2  
  101  7:18  Marine  
  101  7:22  Marine  
  108  7:25  Marine  
  108  7:26  Marine  
  108  7:27  Marine x2  
  108  7:28  Supply Depot, Orbital Command  
  112  7:30  Marine x4  
  112  7:34  Marine  
  117  7:42  Marine x3  
  117  7:43  Marine  
  121  7:44  Marine  
  121  7:45  Marine x2  
  121  7:47  Supply Depot, Marine  
  121  7:48  Supply Depot, Marine x3  
  121  7:50  Siege Tank  
  128  7:52  Marine  
  129  8:00  Marine x3  
  129  8:01  Marine  
  129  8:02  Marine x2  
  120  8:07  Marine  
  120  8:11  Marine  
  120  8:12  Marine x2  
  107  8:13  Marine x2  
  107  8:17  Marine x2  
  107  8:18  Marine  
  114  8:21  Marine  
  114  8:22  Siege Tank, Marine  
  118  8:28  Marine x2  
  118  8:29  Medivac x2  
  118  8:33  Marine  
  110  8:37  Marine  
  110  8:38  Marine x2  
  110  8:39  Marine  
  104  8:54  Siege Tank, Marine  
  96  8:57  Marine x6  
  99  9:04  Marine x2  
  100  9:13  Marine  
  100  9:14  Marine x3  
  100  9:15  Marine x4  
  107  9:20  Marine x2  
  107  9:22  Marine  
  107  9:23  Marine  
  111  9:26  Siege Tank  
  114  9:31  Marine x4  
  114  9:33  Marine x2  
  120  9:39  Marine x3  
  120  9:40  Marine x2  
  120  9:41  Marine  
Show
View Real Time Build Order
Export as new Build Order

DRG Zerg - Winner!

Build Orders: Hatch First 

Get SALT Encoding   

  12  0:00  Drone  
  13  0:11  Overlord  
  13  0:16  Drone  
  14  0:30  Drone x2  
  16  0:48  Hatchery  
  15  0:51  Drone  
  15  0:54  Drone  
  17  0:58  Drone  
  18  1:09  Extractor  
  17  1:13  Spawning Pool  
  17  1:16  Drone  
  17  1:20  Drone  
  18  1:27  Drone  
  19  1:38  Drone  
  20  1:48  Drone  
  21  2:00  Queen x2  
  21  2:01  Zergling x4  
  27  2:10  Overlord  
  27  2:12  Metabolic Boost, Drone  
  28  2:27  Hatchery  
  27  2:30  Drone  
  27  2:32  Drone  
  27  2:35  Drone  
  30  2:42  Queen  
  32  2:48  Overlord  
  32  2:50  Drone  
  33  2:53  Drone  
  33  2:56  Drone  
  33  2:58  Drone  
  36  3:03  Overlord  
  36  3:08  Zergling x4  
  36  3:11  Zergling x4  
  40  3:19  Drone x2  
  42  3:20  Queen  
  42  3:26  Queen  
  44  3:29  Drone  
  44  3:32  Overlord  
  47  3:38  Drone x2  
  49  3:42  Queen  
  49  3:46  Zergling x2  
  49  3:47  Zergling x2  
  53  3:50  Drone x2  
  53  3:53  Drone x2  
  53  3:55  Drone  
  58  4:00  Queen  
  58  4:02  Drone  
  61  4:04  Drone  
  61  4:07  Drone  
  61  4:08  Drone x2  
  65  4:10  Drone  
  65  4:16  Overlord  
  66  4:19  Overlord  
  65  4:28  Overlord  
  65  4:29  Overlord  
  65  4:31  Overlord  
  65  4:37  Queen x2  
  69  4:39  Drone x4  
  69  4:43  Overlord  
  73  4:47  Drone x3  
  73  4:49  Drone  
  73  4:52  Drone x3  
  79  4:57  Lair  
  79  4:58  Drone, Extractor  
  79  5:01  Drone x2  
  79  5:04  Drone  
  79  5:05  Drone x2  
  84  5:09  Drone x2  
  84  5:10  Baneling Nest  
  84  5:11  Drone  
  84  5:12  Drone  
  84  5:13  Drone  
  88  5:17  Drone x3  
  88  5:18  Drone  
  92  5:22  Drone x2  
  92  5:24  Extractor  
  92  5:25  Extractor  
  92  5:27  Drone  
  93  5:33  Hatchery  
  92  5:40  Zergling x12  
  98  5:44  Hatchery  
  98  5:46  Zergling x10  
  102  5:50  Zergling x6  
  102  5:53  Overlord  
  102  5:54  Baneling x6  
  103  5:58  Centrifugal Hooks  
  103  6:02  Zergling x6  
  102  6:08  Zergling x8  
  102  6:09  Spore Crawler  
  102  6:10  Spore Crawler  
  104  6:13  Evolution Chamber  
  104  6:16  Evolution Chamber  
  102  6:21  Drone x7  
  105  6:28  Zergling x2  
  105  6:31  Baneling x6  
  101  6:33  Drone x2  
  101  6:39  Overlord  
  103  6:40  Zergling x12  
  103  6:43  Zerg Ground Armor Level 1, Zerg Melee Weapons Level 1  
  103  6:44  Zergling x4  
  111  6:48  Zergling x8  
  115  6:56  Zergling x10  
  115  6:58  Queen  
  115  6:59  Queen  
  122  7:06  Baneling x14  
  122  7:07  Zergling x8  
  126  7:11  Zergling x8  
  126  7:13  Zergling x4  
  132  7:19  Zergling x2  
  132  7:22  Overlord x2  
  133  7:27  Overlord x3  
  133  7:28  Baneling x6  
  133  7:33  Overlord  
  133  7:35  Overlord  
  133  7:37  Overlord  
  133  7:38  Baneling x4  
  133  7:39  Queen  
  133  7:43  Zergling x12  
  141  7:45  Zergling x2  
  141  7:46  Zergling x8  
  141  7:47  Baneling  
  141  7:48  Baneling x3  
  141  7:49  Zergling x4  
  148  7:56  Zergling x14  
  123  8:07  Zergling x22  
  123  8:10  Baneling x4  
  123  8:11  Zergling x6  
  125  8:16  Zergling x10  
  125  8:18  Baneling  
  130  8:21  Zergling x8  
  130  8:28  Zergling x10  
  130  8:29  Zergling x2  
  130  8:31  Zergling x2  
  130  8:34  Zergling x2  
  130  8:35  Zergling x2  
  130  8:37  Baneling x4  
  130  8:39  Baneling x6  
  130  8:40  Zergling x10  
  136  8:44  Zergling x4  
  131  8:51  Zergling x10  
  125  8:56  Zergling x2  
  125  8:57  Zergling x8  
  125  9:01  Zergling x4  
  125  9:02  Zergling x2  
  131  9:06  Zergling x6  
  131  9:10  Baneling x2  
  131  9:11  Baneling x4  
  131  9:12  Zergling x4  
  131  9:14  Baneling x6  
  132  9:18  Zergling x4  
  132  9:22  Zergling x8  
  138  9:25  Zergling x8  
  138  9:27  Hatchery  
  138  9:30  Zergling x8  
  145  9:36  Zergling x14  
  152  9:41  Baneling  
  152  9:42  Baneling x6  
  152  9:44  Zergling x10  
Tags
 
Add a new tag
Caveats
  • Supply blocks, unpowered buildings, or Contaminate may cause inaccurate times.
  • Supply counts are checked every 10 seconds.